 Dungeon Crawl Stone Soup version 0.22.1-6-g1668fe2 (webtiles) character file.

1201 Jugz the Chopper (level 8, -2/84 HPs)
             Began as an Ogre Berserker on Feb 1, 2019.
             Was a Priest of Trog.
             Slain by a scorpion (8 damage)
             ... on level 6 of the Dungeon.
             The game lasted 00:12:16 (5996 turns).

Jugz the Chopper (Ogre Berserker)                   Turns: 5996, Time: 00:12:16

Health: -2/84      AC:  3    Str: 24    XL:     8   Next: 44%
Magic:  8/8        EV: 12    Int:  8    God:    Trog [***...]
Gold:   298        SH:  0    Dex:  8    Spells: 7/7 levels left

rFire    . . .     SeeInvis .   s - +0 war axe (flame)
rCold    . . .     Gourm    .   (no shield)
rNeg     . . .     Faith    .   b - +0 animal skin
rPois    .         Spirit   .   (helmet restricted)
rElec    .         Reflect  .   (no cloak)
rCorr    .         Harm     .   (gloves unavailable)
MR       .....                  (boots unavailable)
Stlth    +.........             (no amulet)
HPRegen  0.24/turn              f - +1 ring of evasion
MPRegen  0.11/turn              (no ring)

@: berserk cooldown, slowed, very slow
A: large, unfitting armour, tough skin 1
a: Berserk, Trog's Hand, Renounce Religion


You were on level 6 of the Dungeon.
You worshipped Trog.
Trog was most pleased with you.
You were very hungry.

You visited 1 branch of the dungeon, and saw 6 of its levels.

You collected 298 gold pieces.

Inventory:

Hand Weapons
 a - a +0 hand axe
 m - a +0 spear
 o - a +0 war axe
 p - a +0 trident
 s - a +0 war axe of flaming (weapon)
Missiles
 g - 113 stones (quivered)
 y - 2 tomahawks
 C - 6 javelins of returning
Armour
 b - a +0 animal skin (worn)
 j - a +0 pair of boots
 q - a +0 helmet
Jewellery
 f - a +1 ring of evasion (left hand)
 z - a cursed ring of teleportation {unknown}
Wands
 d - a wand of random effects (24)
Scrolls
 e - 7 scrolls of identify {unknown}
 h - 6 scrolls of teleportation {unknown}
 i - a scroll of blinking {unknown}
 l - a scroll of enchant armour {unknown}
 n - 2 scrolls of amnesia {unknown}
 t - a scroll of fog {unknown}
 x - 2 scrolls of fear {unknown}
 A - 2 scrolls of remove curse {unknown}
Potions
 k - 2 potions of heal wounds {unknown}
 r - a potion of lignification {unknown}
 u - a potion of curing
 v - a potion of flight {unknown}
 B - 2 potions of invisibility {unknown}
Comestibles
 c - 8 rations
 w - 12 chunks of flesh


   Skills:
 + Level 6.6 Fighting
 + Level 7.5 Axes
 + Level 3.8 Throwing
 + Level 4.5 Dodging


You had 7 spell levels left.
You didn't know any spells.
Your spell library contained the following spells:

 Spells                   Type           Power        Failure   Level  Hunger
 Confusing Touch          Hex            #.....       41%         1    ##.....
 Confuse                  Hex            #.......     78%         3    ####...
 Gell's Gravitas          Tloc           #.........   78%         3    ####...
 Petrify                  Tmut/Erth      #.......     99%         4    #####..
 Metabolic Englaciation   Hex/Ice        #.........   100%        5    ######.
 Yara's Violent Unravell  Hex/Tmut       #.........   100%        5    ######.


Dungeon Overview and Level Annotations

Branches:
Dungeon (6/15)             Temple (0/1) D:4

Altars:
Ashenzari
Dithmenos


Innate Abilities, Weirdness & Mutations

You are too large for most types of armour.
You have tough skin. (AC +1)


Message History

* * * LOW HITPOINT WARNING * * *
Unknown command.
You feel better. The scorpion barely misses you.
You barely miss the scorpion.
The scorpion is severely wounded.
The scorpion misses you. The scorpion stings you.
* * * LOW HITPOINT WARNING * * *
You hit the scorpion but do no damage.
The scorpion is severely wounded.
The scorpion stings you!
* * * LOW HITPOINT WARNING * * *
The scorpion stings you.
* * * LOW HITPOINT WARNING * * *
You hit the scorpion. You burn the scorpion.
The scorpion is almost dead.
The scorpion closely misses you.
You barely miss the scorpion.
The scorpion is almost dead.
The scorpion stings you!
You die...

.. ## .. #.. .. #.# ..## #.#
#..# #.# ## ## #..# #.#
.#####.#
#..##########.#####...#.##.##
..............).@s).#........
...####.###.#.#####..(# ...#
#.# #.#(# ##..# ...####.#
#.#.# #..# ......#.###...#
#..# .............## #...
.#.##.#####.## ##.## <.......
..# #.. ...##.####### ##.


You could see a scorpion.

Vanquished Creatures
  An ice beast (D:6)
  A sky beast (D:6)
  An orc warrior (D:6)
  A centaur (D:6)
  2 ogres (D:6)
  A bullfrog (D:6)
  A crimson imp (D:5)
  A centaur zombie (D:5)
  A hound (D:5)
  An orc priest (D:5)
  A bullfrog skeleton (D:6)
  A gnoll shaman (D:5)
  5 orc wizards
  7 gnolls (D:5)
  8 adders
  A shadow imp (D:6)
  3 oozes
  A dart slug (D:3)
  4 leopard geckos
  21 orcs
  A ball python (D:3)
  10 bats
  3 giant cockroaches
  7 goblins
  9 hobgoblins
  7 jackals
  11 kobolds
  5 quokkas
  5 frilled lizards
  4 rats (D:1)
125 creatures vanquished.

Notes
Turn   | Place    | Note
-------+----------+-------------------------------------------
     0 | D:1      | Jugz the Ogre Berserker began the quest for the Orb.
     0 | D:1      | Reached XP level 1. HP: 24/24 MP: 1/1
    21 | D:1      | You fall through a shaft!
    49 | D:2      | Reached XP level 2. HP: 32/32 MP: 2/2
   289 | D:2      | Reached XP level 3. HP: 22/40 MP: 3/3
   658 | D:1      | Reached ** piety under Trog
  1131 | D:2      | Found a shadowy altar of Dithmenos.
  1433 | D:3      | Reached skill level 4 in Axes
  1433 | D:3      | Reached XP level 4. HP: 47/49 MP: 4/4
  1572 | D:3      | Found a shattered altar of Ashenzari.
  1967 | D:3      | Reached skill level 1 in Throwing
  1967 | D:3      | Reached XP level 5. HP: 55/55 MP: 5/5
  1977 | D:3      | Reached *** piety under Trog
  3022 | D:4      | Found a staircase to the Ecumenical Temple.
  3211 | D:4      | Reached skill level 5 in Fighting
  3343 | D:4      | Reached skill level 5 in Axes
  3469 | D:5      | Entered Level 5 of the Dungeon
  3509 | D:5      | Reached XP level 6. HP: 17/66 MP: 6/6
  4706 | D:5      | Reached XP level 7. HP: 52/72 MP: 7/7
  4890 | D:5      | Reached skill level 6 in Axes
  4892 | D:5      | Received a gift from Trog
  5331 | D:6      | Reached XP level 8. HP: 11/83 MP: 8/8
  5333 | D:6      | HP: 4/83 [orc/club (4)]
  5335 | D:6      | HP: 1/83 [orc/flail (7)]
  5728 | D:6      | Reached skill level 7 in Axes
  5996 | D:6      | Slain by a scorpion

Skill      XL: |  1  2  3  4  5  6  7  8 |
---------------+-------------------------+-----
Dodging        | 3 4 |  4.5
Axes           | 4 5 6 7 |  7.5
Throwing       | 1 2 3 |  3.8
Fighting       | 5 6 |  6.6

Action                   |  1- 3 |  4- 6 |  7- 9 || total
-------------------------+-------+-------+-------++-------
Melee: Hand axe          |   101 |    12 |       ||   113
       War axe           |       |   141 |    90 ||   231
Throw: Stone             |    24 |    83 |    21 ||   128
       Tomahawk          |       |     6 |     4 ||    10
       Javelin           |       |       |     4 ||     4
Invok: Berserk           |     1 |     3 |     4 ||     8
       Trog's Hand       |       |       |     3 ||     3
  Use: Potion            |       |       |     1 ||     1
  Eat: Chunk             |     2 |    14 |     7 ||    23
Armor: Animal skin       |    33 |    25 |    11 ||    69
Dodge: Dodged            |    66 |   104 |    45 ||   215
